 Dungeon Crawl Stone Soup version 0.32-a0-859-gb0a091d (webtiles) character file.

Game seed: 13692127439659836528

128 Dorkslayer the Trooper (level 5, -1/37 HPs)
             Began as an Octopode Fighter on Mar 27, 2024.
             Slain by a sky beast (6 damage)
             ... on level 4 of the Dungeon.
             The game lasted 00:05:10 (1957 turns).

Dorkslayer the Trooper (Octopode Fighter)           Turns: 1957, Time: 00:05:13

Health: -1/37      AC:  1    Str: 17    XL:     5   Next: 11%
Magic:  5/5        EV: 12    Int: 10    God:
Gold:   131        SH:  4    Dex: 12    Spells: 4/4 levels left

rFire   . . .        a - +0 war axe
rCold   . . .        b - +0 buckler
rNeg    . . .        (helmet restricted)
rPois   .            (no amulet)
rElec   .            (no ring)
rCorr   .            (no ring)
SInv    .            (no ring)
Will    .....        (no ring)
Stlth   +++          (no ring)
HPRegen 0.26/turn    (no ring)
MPRegen 0.09/turn    (no ring)
                     (no ring)

%: no passive effects
@: no status effects
A: almost no armour, amphibious, 8 rings, camouflage 1, gelatinous body 1,
(nimble swimmer 1), tentacles
a: no special abilities


You were on level 4 of the Dungeon.
You visited 1 branch of the dungeon, and saw 4 of its levels.

You collected 131 gold pieces.

Inventory:

Hand Weapons
 a - a +0 war axe (weapon)
Missiles
 i - 4 throwing nets (quivered)
Armour
 b - a +0 buckler (worn)
Talismans
 k - a serpent talisman
Scrolls
 d - a scroll of fear {unknown}
 e - a scroll of poison {unknown}
 f - 2 scrolls of immolation {unknown}
 h - 4 scrolls of teleportation {unknown}
 j - 2 scrolls of noise {unknown}
 l - a scroll of enchant weapon {unknown}
 n - a scroll of torment {unknown}
 p - 3 scrolls of identify {unknown}
 q - a scroll of vulnerability {unknown}
 r - a scroll of enchant armour {unknown}
Potions
 c - a potion of might
 g - 3 potions of curing {unknown}
 m - a potion of magic {unknown}
 o - a potion of mutation {unknown}
 s - a potion of attraction {unknown}
 t - a potion of heal wounds {unknown}


   Skills:
 + Level 3.7 Fighting
 + Level 3.2 Axes
 + Level 3.3 Dodging
 + Level 1.9 Stealth
 + Level 3.4 Shields
 * Level 1.1 Shapeshifting


You had 4 spell levels left.
You didn't know any spells.
Your spell library contained the following spells:

 Spells                   Type           Power      Damage    Failure   Level
 Sting                    Conj/Alch      0%         1d3       43%         1
 Mercury Vapours          Alch/Air       0%         N/A       58%         2
 Olgreb's Toxic Radiance  Alch           0%         N/A       99%         4


Dungeon Overview and Level Annotations

Branches:
Dungeon (4/15)
 Temple: D:4-7

Altars:

Annotations:
D:3 2 transporters


Innate Abilities, Weirdness & Mutations

You cannot wear most types of armour.
You are amphibious.
You can wear up to eight rings at the same time.
Your skin changes colour to match your surroundings (Stealth+).
Your rubbery body absorbs attacks. (AC +1, EV +1)
((You are camouflaged when in or above water. (Stealth+)))
You have tentacles for arms and can constrict up to eight enemies at once.


Message History

a +0 dagger; a +0 sling; a goblin corpse
There is a stone staircase leading down here.
You see here a dart slug corpse.
The goblin shouts!
The goblin unwields a +0 club.
The goblin wields a +0 sling.
The goblin shoots a sling bullet.
The sling bullet barely misses you.
The goblin unwields a +0 sling.
The goblin wields a +0 club.
You block the goblin's attack.
You closely miss the sky beast. You closely miss the goblin.
The goblin barely misses you. You block the sky beast's attack.
The goblin misses you.
You hit the sky beast.
The sky beast is lightly wounded.
You slash the goblin!
You kill the goblin!
The sky beast closely misses you.
You barely miss the sky beast.
The sky beast is lightly wounded.
The sky beast barely misses you. The sky beast closely misses you.
You closely miss the sky beast. Your squeeze misses the sky beast.
The sky beast is lightly wounded.
You block the sky beast's attack.
You slash the sky beast! You squeeze the sky beast!
The sky beast is almost dead.
You block the sky beast's attack.
You hit the sky beast but do no damage. Your squeeze misses the sky beast.
The sky beast is almost dead.
The sky beast barely misses you.
The sky beast flickers out of sight!
Deactivating autopickup; reactivate with Ctrl-A.
Something hits you but does no damage.
You closely miss something. Your squeeze misses something. Something hits you.
Something shocks you.
You closely miss something. Something hits you. Something shocks you.
You miss something. Something hits you. Something shocks you.
* * * LOW HITPOINT WARNING * * *
A ribbon worm comes into view.
Something hits you.
* * * LOW HITPOINT WARNING * * *
Something shocks you.
You die...

..... ....## .....###
...#.. #......##......
. #######.............
#..#....#.w....#
..[...#
......).#..##.##
...<..#
#...{@.......##......#
#............).# ....
##...........).##.....
###...........>......
.....#..<..#........
....###.....##.......
....# #..#.......#...
..## ####...>.......
#...........


You could see a ribbon worm (wandering).

Vanquished Creatures
  A hound (D:4)
  An iguana (D:4)
  An adder (D:3)
  3 dart slugs
  An orc (D:4)
  5 bats
  5 endoplasms
  3 giant cockroaches
  6 goblins
  5 hobgoblins
  4 jackals (D:3)
  3 quokkas
  4 ball pythons
  3 frilled lizards
  5 kobolds
  A rat (D:1)
51 creatures vanquished.

Notes
Turn   | Place    | Note
-------+----------+-------------------------------------------
     0 | D:1      | Dorkslayer the Octopode Fighter began the quest for the
                  | Orb.
     0 | D:1      | Reached XP level 1. HP: 16/16 MP: 1/1
   119 | D:1      | Reached XP level 2. HP: 15/21 MP: 2/2
   664 | D:2      | Reached XP level 3. HP: 25/26 MP: 3/3
  1469 | D:3      | Found a transporter.
  1479 | D:3      | Found a transporter.
  1512 | D:3      | Reached skill level 1 in Stealth
  1512 | D:3      | Reached XP level 4. HP: 28/31 MP: 4/4
  1927 | D:4      | Reached skill level 1 in Shapeshifting
  1927 | D:4      | Reached XP level 5. HP: 26/37 MP: 5/5
  1931 | D:4      | Noticed a sky beast
  1957 | D:4      | Slain by a sky beast

Illustrated notes

Levels and vault maps discovered:
D:1:      spicycebolla_arrival_ecumenical, layout_rooms, nrook_mini_vaults
D:2:      layout_basic, serial_park_tiny_2, minmay_box_of_dots
D:3:      gammafunk_steamed_eel, layout_basic, minmay_misc_feat_roman
D:4:      layout_cave_pools, fedhas_altar_3, mainiacjoe_overflow_chevrons,
          minmay_misc_feat_five, minmay_crystal_room, minmay_manual_mares,
          uniq_edmund

Skill      XL: |  1  2  3  4 |
---------------+-------------+-----
Stealth        | 1 |  1.9
Axes           | 3 |  3.2
Shapeshifting  | 1 |  1.1
Fighting       | |  3.7
Dodging        | |  3.3
Shields        | |  3.4

Action                     |  1- 3 |  4- 6 || total
---------------------------+-------+-------++-------
  Melee: War axe           |    68 |    22 ||    90
         Constrict         |    18 |     5 ||    23
         Tentacles         |    12 |     6 ||    18
   Stab: Sleeping          |     2 |     1 ||     3
 Armour: Skin              |    33 |    15 ||    48
  Dodge: Dodged            |    36 |    13 ||    49
  Block: Buckler           |    18 |     5 ||    23

Table legend: (Time is in decaauts)
 A = Elapsed time spent in this place.
 B = Non-inter-level travel time spent in this place.
 C = Inter-level travel time spent in this place.
 D = Time resting spent in this place.
 E = Time spent auto-exploring this place.
 F = Levels seen in this place.
 G = Mean time per level.
                   A        B        C        D        E       F      G
               +--------+--------+--------+--------+--------+-----+--------+
         Total |   1994 |   1994 |      0 |      0 |   1201 |   4 |  498.5 |
       Dungeon |   1994 |   1994 |      0 |      0 |   1201 |   4 |  498.5 |
               +--------+--------+--------+--------+--------+-----+--------+

Top non-repeatable levels by time:
     D:3: 893 daAuts
     D:2: 546 daAuts
     D:1: 505 daAuts
     D:4: 48 daAuts
